 Dungeon Crawl Stone Soup version 0.18.1-50-g88ac8fd (webtiles) character file.

50 kurovuster the Charmwright (level 3, -1/24 HPs)
             Began as a High Elf Skald on Oct 29, 2016.
             Was an Initiate of Fedhas.
             Killed from afar by Natasha (5 damage)
             ... with a magic dart
             ... on level 2 of the Dungeon.
             The game lasted 00:06:11 (2005 turns).

kurovuster the Charmwright (High Elf Skald)         Turns: 2005, Time: 00:06:12

Health: -1/24      AC:  3    Str: 11    XL:     3   Next: 55%
Magic:  6/8        EV: 12    Int: 15    God:    Fedhas [......]
Gold:   73         SH:  0    Dex: 16    Spells: 1 memorised, 6 levels left

rFire  . . .     SeeInvis .     g - +0 short sword (curse)
rCold  . . .     Gourm    .     b - +0 leather armour
rNeg   . . .     Faith    .     (no shield)
rPois  .         Spirit   .     (no helmet)
rElec  .         Dismiss  .     (no cloak)
rCorr  .         Reflect  .     (no gloves)
SustAt .         Harm     .     (no boots)
MR     .....                    (no amulet)
Stlth  +.........               (no ring)
                                (no ring)

@: infused, not resistant to hostile enchantments, very unstealthy
A: no striking features
a: Renounce Religion


You were on level 2 of the Dungeon.
You worshipped Fedhas.
Fedhas was noncommittal.
You were hungry.

You visited 1 branch of the dungeon, and saw 2 of its levels.

You collected 73 gold pieces.

Inventory:

Hand Weapons
 a - a +0 short sword
 g - a cursed +0 short sword (weapon)
Missiles
 h - 2 javelins (quivered)
 j - 73 stones
Armour
 b - a +0 leather armour (worn)
Scrolls
 l - a scroll of enchant weapon {unknown}
Potions
 e - a potion of flight {unknown}
 f - a potion of might {unknown}
 i - a potion of lignification {unknown}
 k - a potion of heal wounds {unknown}
 m - a potion of haste {unknown}
Books
 c - a book of Battle

   Spells                             Type                      Level
   a - Infusion                       Charms                       1
   b - Shroud of Golubria             Charms/Translocation         2
   c - Song of Slaying                Charms                       2
   d - Spectral Weapon                Hexes/Charms                 3
   e - Regeneration                   Charms/Necromancy            3
Comestibles
 d - a bread ration


   Skills:
 + Level 2.2 Fighting
 + Level 2.7 Short Blades
 + Level 1.1 Armour
 + Level 1.5 Dodging
 + Level 0.2 Stealth
 + Level 2.9 Spellcasting
 + Level 4.4 Charms


You had 6 spell levels left.
You knew the following spells:

 Your Spells              Type           Power        Failure   Level  Hunger
a - Infusion              Chrm           ###.         4%          1    #......


Dungeon Overview and Level Annotations

Branches:
Dungeon (2/15)

Altars:
Elyvilon
Fedhas

Annotations:
D:2 Natasha


Message History

You hit the ball python.
You kill the ball python!
You see here a ball python corpse.
You found a teleport trap!
You see here a ball python corpse.
Natasha, Servant of Life and Death comes into view.
Casting: Infusion
Confirm with . or Enter, or press ? or * to list all spells.
You begin infusing your attacks with magical energy.
Natasha hisses angrily.
Natasha zaps a wand.
The puff of flame hits you!
It is a wand of flame.
Natasha zaps a wand.
The puff of flame hits you!
Ouch! That really hurt!
* * * LOW HITPOINT WARNING * * *
You hit Natasha.
Natasha is moderately wounded.
Natasha stares at you and mumbles some strange words.
The magic dart hits you!
You die...
Fedhas appreciates your contribution to the ecosystem.

## ## .. ##. .# ... ..#.# ...)
... ..w# #h# .. #@# #.###
#.......# #.# #.... #.......#
##.## #..## #.....# ###...##
#..## #....## #....#.# #..#.
##.....## #.#>#.## #..#.
##.......## #.#..## ##.w..
#.........###....###########...#.
'.........'..............w.....#.


You could see Natasha.

Vanquished Creatures
  An adder (D:2)
  An ooze (D:1)
  A worm (D:2)
  A dart slug (D:1)
  A giant gecko (D:1)
  2 ball pythons
  2 giant cockroaches
  3 goblins
  5 hobgoblins
  4 bats
  A giant newt (D:1)
  4 kobolds (D:1)
  3 rats
29 creatures vanquished.

Notes
Turn   | Place    | Note
--------------------------------------------------------------
     0 | D:1      | kurovuster the High Elf Skald began the quest for the Orb.
     0 | D:1      | Reached XP level 1. HP: 14/14 MP: 4/4
   313 | D:1      | Reached skill level 4 in Charms
   313 | D:1      | Reached XP level 2. HP: 16/19 MP: 1/6
   941 | D:1      | Reached skill level 1 in Armour
  1322 | D:2      | Reached XP level 3. HP: 14/24 MP: 8/8
  1451 | D:2      | Found a white marble altar of Elyvilon.
  1724 | D:2      | Found a blossoming altar of Fedhas.
  1740 | D:2      | Became a worshipper of Fedhas Madash
  2001 | D:2      | Noticed Natasha
  2005 | D:2      | Killed from afar by Natasha

Skill      XL: |  1  2 |
---------------+-------+-----
Charms         | 4 |  4.4
Armour         | 1 |  1.1
Fighting       | |  2.2
Short Blades   | |  2.7
Dodging        | |  1.5
Stealth        | |  0.2
Spellcasting   | |  2.9

Action                   || total
-------------------------++-------
Melee: Short sword       ||   110
 Cast: Infusion          ||     4
  Use: Scroll            ||     1
  Eat: Pizza             ||     1
       Chunk             ||     1
Armor: Leather armour    ||    40
Dodge: Dodged            ||    68
